AoeStats
← Vinago

Arabia

510927422Analyzed
4v4 RM · 20h ago on Oct 3, 2026· 29m 46s· 8 players
Game mode
Random Map
Map size
Large (8 player)
Population
200
Speed
Normal
Resources
Standard
Victory
Conquest
Starting age
Dark Age
Ending age
Imperial Age
RankedLock teamsTeams togetherTeam positionsShared explorationLock speedFull tech treeHidden civsTurbo modeCheats
Victory
Defeat
🇩🇪 Varangians · Germany
1251
+13
🇹🇼 Magyars · Taiwan
1249
+13
🇦🇷 Portuguese · Argentina
1245
+13
🇨🇳 Japanese · China
1213
+14
🇨🇴 Romans · Colombia
1270
-17
🇨🇴 Varangians · Colombia
1227
-15
🇲🇽 Italians · Mexico
1167
-13
🇨🇴 Bohemians · Colombia
1034
-8
软脚虾3号
9:29 Feudal Age
8:45 Loom
11:37 Bloodlines
16:38 Forging
18:21 Scale Barding Armor
24:11 Castle Age
22:17 Gold Mining
23:26 Horse Collar
23:40 Double-Bit Axe
25:15 Bow Saw
25:23 Husbandry
25:54 Chain Barding Armor
26:09 Iron Casting
28:42 Wheelbarrow
28:09 Heavy Plow
Vinago
9:53 Feudal Age
13:30 Loom
15:23 Horse Collar
15:29 Double-Bit Axe
23:33 Castle Age
21:39 Gold Mining
22:27 Bloodlines
23:38 Scale Barding Armor
24:38 Forging
25:32 Chain Barding Armor
26:41 Iron Casting
27:28 Husbandry
meditator27
7:33 Loom
7:57 Loom
10:01 Feudal Age
11:10 Double-Bit Axe
11:09 Horse Collar
24:28 Castle Age
23:07 Gold Mining
23:23 Padded Archer Armor
25:08 Fletching
25:38 Bow Saw
25:08 Crossbowman
26:15 Bodkin Arrow
29:37 Wheelbarrow
29:54 Ballistics
29:58 Bloodlines
wuming
6:07 Loom
8:58 Feudal Age
13:47 Wheelbarrow
14:16 Fletching
14:27 Padded Archer Armor
18:14 Horse Collar
25:13 Castle Age
25:01 Double-Bit Axe
25:08 Gold Mining
25:18 Crossbowman
26:03 Thumb Ring
25:54 Bodkin Arrow
27:14 Leather Archer Armor
27:35 Ballistics
3DIQ | ElChan108
7:41 Loom
9:59 Feudal Age
10:46 Man-at-Arms
11:17 Double-Bit Axe
14:33 Scale Mail Armor
3DIQ | AlxSanmiguel
7:25 Loom
9:59 Feudal Age
10:31 Double-Bit Axe
13:35 Bloodlines
17:20 Scale Barding Armor
18:49 Forging
19:36 Gold Mining
19:29 Horse Collar
23:20 Castle Age
24:14 Husbandry
24:39 Chain Barding Armor
25:05 Stone Mining
26:36 Heavy Plow
27:07 Bow Saw
28:51 Stone Shaft Mining
ARGNIZ
7:42 Loom
9:56 Feudal Age
11:31 Double-Bit Axe
13:57 Wheelbarrow
16:41 Horse Collar
21:10 Town Watch
25:22 Castle Age
23:26 Fletching
23:39 Padded Archer Armor
24:23 Town Watch
elkingg1822
4:32 Loom
10:33 Feudal Age
21:50 Castle Age
19:54 Fletching
20:35 Double-Bit Axe
Connection lost

Rejoining the realm…

Still unreachable

The connection could not be restored.

Session expired

The server has moved on; the page needs a fresh start.